 Dungeon Crawl Stone Soup version 0.29-a0-823-gc37b1572da (webtiles) character file.

Game seed: 5715444536329169738

18 zeratav the Stinger (level 2, -3/17 HPs)
             Began as an Octopode Venom Mage on July 8, 2022.
             Frozen to death by an endoplasm (4 damage)
             ... on level 2 of the Dungeon.
             The game lasted 00:01:30 (1409 turns).

zeratav the Stinger (Octopode Venom Mage)           Turns: 1409, Time: 00:01:30

Health: -3/17      AC:  1    Str:  7    XL:     2   Next: 70%
Magic:  3/5        EV: 13    Int: 17    God:
Gold:   85         SH:  0    Dex: 12    Spells: 4/5 levels left

rFire   . . .      SeeInvis .   l - +0 sling
rCold   . . .      Faith    .   (no shield)
rNeg    . . .      Spirit   .   (helmet restricted)
rPois   .          Reflect  .   (no amulet)
rElec   .          Harm     .   (no ring)
rCorr   .          Rampage  .   (no ring)
Will    .....                   (no ring)
Stlth   +++.......              (no ring)
HPRegen 0.05/turn               (no ring)
MPRegen 0.09/turn               (no ring)
                                (no ring)
                                (no ring)

@: no status effects
A: almost no armour, amphibious, 8 rings, camouflage 1, gelatinous body 1,
(nimble swimmer 1), tentacles
a: no special abilities


You were on level 2 of the Dungeon.
You visited 1 branch of the dungeon, and saw 2 of its levels.

You collected 85 gold pieces.


Innate Abilities, Weirdness & Mutations

You cannot wear most types of armour.
You are amphibious.
You can wear up to eight rings at the same time.
Your skin changes colour to match your surroundings (Stealth+).
Your rubbery body absorbs attacks. (AC +1, EV +1)
((You are camouflaged when in or above water. (Stealth+)))
You have tentacles for arms and can constrict up to eight enemies at once.


   Skills:
 - Level 2.0 Dodging
 + Level 3.7 Stealth
 - Level 2.0 Spellcasting
 - Level 1.0 Transmutations
 + Level 4.2 Poison Magic


You had 4 spell levels left.
You knew the following spells:

 Your Spells              Type           Power      Damage    Failure   Level
a - Sting                 Tmut/Pois      40%        1d5       7%          1

Your spell library contained the following spells:

 Spells                   Type           Power      Damage    Failure   Level
 Poisonous Vapours        Pois/Air       16%        N/A       12%         2
 Scorch                   Fire           2%         2d5       28%         2
 Mephitic Cloud           Conj/Pois/Air  6%         N/A       32%         3
 Olgreb's Toxic Radiance  Pois           16%        N/A       32%         4
 Flame Wave               Conj/Fire      1%         2d4       88%         4
 Summon Cactus Giant      Summ           0%         N/A       100%        6

Inventory:

Hand Weapons
 b - a +0 spear {polearm}
   (You found it on level 1 of the Dungeon)
 l - a +0 sling (weapon)
   (You took it off a goblin on level 2 of the Dungeon)
Scrolls
 e - 2 scrolls of immolation {unknown}
 f - a scroll of torment {unknown}
 h - a scroll of enchant weapon {unknown}
 j - 2 scrolls of identify {unknown}
Potions
 a - a potion of magic
 c - a potion of curing {unknown}
 d - a potion of lignification {unknown}
 g - 2 potions of might {unknown}
 i - a potion of resistance {unknown}
 k - 2 potions of brilliance {unknown}

Dungeon Overview and Level Annotations

Branches:
Dungeon (2/15) Zot: 10584

Altars:

#.....##.# #[#.#
#.###.##.######.#
# #.##.##.....#
#.##.##.#####
#.##.##.#
#.##.##.#
#..#.##.#
#..#.##.#
#.@J....#
###S.######
#.>......
#.........
#.######## #. #.
#. #.


You could see an adder and an endoplasm.


Message History

HP[+12]
Your hp is fully restored (17).
You see here a jackal skeleton.
Found a stone staircase leading up.
k - 2 amethyst potions A goblin comes into view.
It is wielding a +0 club.
The goblin shouts!
The goblin unwields a +0 club.
The goblin wields a +0 sling.
The goblin shoots a sling bullet.
The sling bullet hits you but does no damage.
A goblin is nearby!
The goblin shoots a sling bullet.
The sling bullet barely misses you.
You reach to attack!
You miss the goblin.
The goblin shoots a sling bullet.
The sling bullet misses you.
You reach to attack!
You hit the goblin.
The goblin shoots a sling bullet.
The sling bullet barely misses you.
You reach to attack!
You hit the goblin.
You kill the goblin!
No target in view!
No target in view!
You pick up a book of Scorching and begin reading...
You add the spells Scorch, Flame Wave and Summon Cactus Giant to your library.
There is a stone staircase leading up here.
You see here a +0 chain mail.
Things that are here:
a +0 sling; a +0 club {mace}; a goblin corpse
l - a +0 sling
l - a +0 sling (weapon)
No target in view!
You see here a +0 chain mail.
There is a stone staircase leading up here.
You see here a jackal skeleton.
You see here 4 stones {throwing}.
You now have 85 gold pieces (gained 5).
You see here a +0 scale mail.
e - 2 scrolls labelled KUEGGISHAF (gained 1)
Found a stone staircase leading down.
An adder comes into view.
You shoot a sling bullet.
The sling bullet hits the adder but does no damage.
The adder hisses angrily.
An endoplasm comes into view.
You shoot a sling bullet.
The sling bullet barely misses the adder.
You shoot a sling bullet. The sling bullet misses the adder.
You shoot a sling bullet.
The sling bullet closely misses the adder.
The adder bites you.
HP[-3]
You take 3 damage, and now have 14/17 hp.
You shoot a sling bullet.
The sling bullet closely misses the adder.
The adder barely misses you. x2
You shoot a sling bullet.
The sling bullet barely misses the adder.
The adder bites you. The endoplasm barely misses you.
The adder closely misses you.
HP[-4]
You take 4 damage, and now have 10/17 hp.
MASSIVE DAMAGE!! (PAUSE)
You shoot a sling bullet. The sling bullet misses the adder.
The adder completely misses you. The endoplasm misses you.
The adder misses you. The endoplasm hits you.
HP[-1]
You take 1 damage, and now have 9/17 hp.
You shoot a sling bullet. The sling bullet misses the adder.
The adder bites you.
* * * LOW HITPOINT WARNING * * *
The endoplasm barely misses you. The adder bites you.
* * * LOW HITPOINT WARNING * * *
HP[-6]
You take 6 damage, and now have 3/17 hp.
MASSIVE DAMAGE!! (PAUSE)
You are too injured to fight recklessly!
The endoplasm barely misses you. The adder attacks as you move away!
The adder bites you.
* * * LOW HITPOINT WARNING * * *
The endoplasm attacks as you move away! The endoplasm barely misses you.
HP[-1]
You take 1 damage, and now have 2/17 hp.
Casting: Sting (safe; 7% risk of failure)
Confirm with . or Enter, or press ? or * to list all spells.
Aiming: Sting (safe; 7% risk of failure)
Press: ? - help, Shift-Dir - straight line, f/p - adder
Aim: an adder (53% to hit)
The sting misses the adder.
The adder bites you.
* * * LOW HITPOINT WARNING * * *
The adder bites you but does no damage.
HP[-1] MP[-1]
You take 1 damage, and now have 1/17 hp.
You lost 1 mp, and now have 4/5 mp.
Casting: Sting (safe; 7% risk of failure)
Confirm with . or Enter, or press ? or * to list all spells.
Aiming: Sting (safe; 7% risk of failure)
Press: ? - help, Shift-Dir - straight line, f/p - adder
Aim: an adder (53% to hit)
The sting misses the adder.
The endoplasm freezes you.
You are frozen.
You die...

Skill      XL: |  1 |
---------------+----+-----
Stealth        | 3 |  3.7
Poison Magic   | 4 |  4.2
Dodging        | |  2.0
Spellcasting   | |  2.0
Transmutations | |  1.0

Action                   || total
-------------------------++-------
Melee: Spear             ||    39
       Constrict         ||     8
       Tentacles         ||     5
 Fire: Sling             ||     8
 Cast: Sting             ||     2
 Stab: Sleeping          ||     8
Armor: Skin              ||     5
Dodge: Dodged            ||    39

Levels and vault maps discovered:
D:1:      lightli_arrival_maybe_door_vault, layout_loops_ring
D:2:      layout_basic, serial_shops, nicolae_shop_waterfront

Notes
Turn   | Place    | Note
-------+----------+-------------------------------------------
     0 | D:1      | zeratav the Octopode Venom Mage began the quest for the
                  | Orb.
     0 | D:1      | Reached XP level 1. HP: 11/11 MP: 3/3
     0 | D:1      | magus.rc [v1.9.6]
    76 | D:1      | Reached skill level 3 in Stealth
   343 | D:1      | Reached skill level 4 in Poison Magic
   343 | D:1      | Reached XP level 2. HP: 17/17 MP: 5/5
  1010 | D:2      | HP: 4/17 [jackal (3)]
  1292 | D:2      | You pick up a book of Scorching and begin reading...
  1292 | D:2      | You add the spells Scorch, Flame Wave and Summon Cactus
                  | Giant to your library.
  1405 | D:2      | HP: 3/17 [adder (4)]
  1407 | D:2      | HP: 1/17 [adder (2)]
  1409 | D:2      | Frozen to death by an endoplasm

Vanquished Creatures
  3 bats (D:1)
  An endoplasm (D:1)
  A giant cockroach (D:1)
  3 goblins
  4 jackals (D:2)
  A quokka (D:1)
  A kobold (D:1)
  A rat (D:1)
15 creatures vanquished.

Table legend:
 A = Non-vault XP
 B = Vault XP
 C = Vault XP percentage of total XP
 D = Non-vault monster count
 E = Vault monster count
 F = Vault count percentage of total count
                 A         B        C        D         E       F
            +---------+---------+-------+---------+---------+-------
      Total |      27 |       0 |   0.0 |      15 |       0 |   0.0
            +---------+---------+-------+---------+---------+-------
        D:1 |      17 |       0 |   0.0 |      10 |       0 |   0.0
        D:2 |      10 |       0 |   0.0 |       5 |       0 |   0.0
            +---------+---------+-------+---------+---------+-------

Illustrated notes

Table legend:
 A = Kills in this place as a percentage of kills in entire the game.
 B = Kills by you in this place as a percentage of kills by you in the entire game.
 C = Kills by friends in this place as a percentage of kills by friends in the entire game.
 D = Other kills in this place as a percentage of other kills in the entire game.
 E = Experience gained in this place as a percentage of experience gained in the entire game.
 F = Experience gained in this place divided by the number of levels of this place that you have seen.
                   A       B       C       D       E      F
               +-------+-------+-------+-------+-------+----------------------
         Total | 100.0 | 100.0 |   N/A |   N/A | 100.0 |  13.5
       Dungeon | 100.0 | 100.0 |   N/A |   N/A | 100.0 |  13.5
               +-------+-------+-------+-------+-------+----------------------

Table legend: (Time is in decaauts)
 A = Elapsed time spent in this place.
 B = Non-inter-level travel time spent in this place.
 C = Inter-level travel time spent in this place.
 D = Time resting spent in this place.
 E = Time spent auto-exploring this place.
 F = Levels seen in this place.
 G = Mean time per level.
                   A        B        C        D        E       F      G
               +--------+--------+--------+--------+--------+-----+--------+
         Total |   1414 |   1377 |     37 |    237 |   1025 |   2 |  707.0 |
       Dungeon |   1414 |   1377 |     37 |    237 |   1025 |   2 |  707.0 |
               +--------+--------+--------+--------+--------+-----+--------+

Top non-repeatable levels by time:
     D:1: 995 daAuts
     D:2: 419 daAuts
